[Event "Titled Tuesday Blitz February 01 A 2022"]
[White "Kushagra, Mohan"]
[Black "Babazada, Khazar"]
[WhiteFideId "25033638"]
[BlackFideId "13413554"]
[WhiteElo "1886"]
[BlackElo "2418"]
[Result "1/2-1/2"]
[Round "05"]
[TimeControl "180+1"]
[Date "2022.02.01"]
[WhiteClock "0:00:19"]
[BlackClock "0:00:06"]

1. e4 Nf6 2. e5 Nd5 3. d4 d6 4. Nf3 Nb6 5. Be2 g6 6. O-O Bg7 7. exd6 cxd6 8. c4 O-O 9. Nc3 Bf5 10. Be3 d5 11. c5 Nc4 12. Bxc4 dxc4 13. Qa4 Bd3 14. Rfd1 Nc6 15. Ne1 Nxd4 16. Nxd3 cxd3 17. Qc4 e5 18. Rxd3 Rc8 19. Rad1 Qh4 20. Bxd4 exd4 21. Nb5 b6 22. b4 bxc5 23. bxc5 Rfd8 24. g3 Qg5 25. c6 Qd5 26. Qxd5 Rxd5 27. Nxd4 Bxd4 28. Rxd4 Rxd4 29. Rxd4 Rxc6 30. Ra4 a6 31. Kg2 Kg7 32. Kf3 h5 33. Ke3 Kf6 34. Kd4 Kf5 35. Ke3 g5 36. h4 f6 37. Ra5+ Kg4 38. Ra4+ Kh3 39. Ra5 Re6+ 40. Kd2 Kg4 41. hxg5 fxg5 42. f3+ Kxg3 43. Rxg5+ Kh4 44. Rg8 Kh3 45. f4 h4 46. Kd3 Kh2 47. f5 Re1 48. Kd4 h3 49. f6 Rf1 50. Ke5 Kh1 51. Ke6 Re1+ 52. Kd7 Rf1 53. Ke7 Re1+ 54. Kd7 Rf1 55. Ke7 Re1+ 56. Kd7 1/2-1/2


[Site "https://www.chess.com"]

[Event "Titled Tuesday Blitz February 01 A 2022"]
[White "Leiva, Gianmarco"]
[Black "Nesterov, Arseniy"]
[WhiteFideId "3804399"]
[BlackFideId "24198455"]
[WhiteElo "2328"]
[BlackElo "2489"]
[Result "0-1"]
[Round "05"]
[TimeControl "180+1"]
[Date "2022.02.01"]
[WhiteClock "0:00:01"]
[BlackClock "0:00:05"]

1. e4 e5 2. Nf3 Nc6 3. Bc4 Nf6 4. d3 Bc5 5. O-O d6 6. c3 O-O 7. Re1 a5 8. h3 h6 9. Nbd2 a4 10. Nf1 Ra5 11. d4 exd4 12. cxd4 Bb4 13. Bd2 Bxd2 14. Qxd2 Nxe4 15. Rxe4 d5 16. Re5 Nxe5 17. Nxe5 dxc4 18. Qxa5 Qxd4 19. Ne3 Qxb2 20. Rd1 b5 21. Qxc7 Be6 22. Qc5 Rc8 23. Nc6 Kh7 24. a3 c3 25. Qb4 g6 26. Rd3 Rxc6 27. Qd4 Qb1+ 28. Kh2 c2 29. Qf6 Rc8 0-1


[Site "https://www.chess.com"]

[Event "Titled Tuesday Blitz February 01 A 2022"]
[White "Lenderman, Aleksandr"]
[Black "Deac, Bogdan-Daniel"]
[WhiteFideId "2021285"]
[BlackFideId "1226380"]
[WhiteElo "2651"]
[BlackElo "2646"]
[Result "1-0"]
[Round "05"]
[TimeControl "180+1"]
[Date "2022.02.01"]
[WhiteClock "0:00:09"]
[BlackClock "0:00:07"]

1. d4 Nf6 2. c4 e6 3. Nf3 d5 4. Nc3 dxc4 5. e3 a6 6. a4 c5 7. Bxc4 Nc6 8. O-O Be7 9. Qe2 O-O 10. Rd1 Qc7 11. dxc5 Bxc5 12. b3 b6 13. Bb2 Bb7 14. Bd3 Nb4 15. Bc4 Rfd8 16. Rxd8+ Rxd8 17. Rd1 h6 18. h3 Rd7 19. Nb1 Ne4 20. Nbd2 Nxd2 21. Rxd2 Bf8 22. Ne5 Rxd2 23. Qxd2 Nc6 24. Nxc6 Qxc6 25. f3 b5 26. axb5 axb5 27. Be2 Qd5 28. Qc3 b4 29. Qc2 Bc5 30. Kf2 Qg5 31. Qd2 Bd5 32. Qd3 f5 33. g3 Bd6 34. f4 Qe7 35. Bf3 Bxf3 36. Kxf3 Bc5 37. e4 Qb7 38. g4 fxe4+ 39. Qxe4 Qd7 40. Ke2 Bf8 41. Qc4 Kh7 42. Qd3+ Qxd3+ 43. Kxd3 Bd6 44. Ke4 Kg6 45. Bd4 Kf7 46. f5 exf5+ 47. gxf5 g6 48. Kd5 Bg3 49. fxg6+ Kxg6 50. Bc5 Kh5 51. Be7 Be1 52. Kc4 Bd2 53. Bxb4 Bf4 54. Be7 Kg6 55. Kd5 Kf5 56. b4 Kg6 57. b5 Kf7 58. Bd6 Be3 59. Bc5 Bf4 60. b6 Ke8 61. Bd6 Be3 62. b7 Ba7 63. Ke6 Kd8 64. b8=Q+ Bxb8 65. Bxb8 Ke8 66. Bd6 Kd8 67. h4 Ke8 68. h5 1-0


[Site "https://www.chess.com"]

[Event "Titled Tuesday Blitz February 01 A 2022"]
[White "Madaminov, Mukhiddin"]
[Black "Yeletsky, Ivan"]
[WhiteFideId "14210703"]
[BlackFideId "24180327"]
[WhiteElo "1916"]
[BlackElo "2348"]
[Result "0-1"]
[Round "05"]
[TimeControl "180+1"]
[Date "2022.02.01"]
[WhiteClock "0:00:02"]
[BlackClock "0:00:11"]

1. d4 Nf6 2. Nc3 d5 3. Bf4 a6 4. e3 b5 5. Nf3 e6 6. Bd3 Nbd7 7. Ne2 c5 8. c3 Be7 9. O-O Nh5 10. a4 b4 11. cxb4 c4 12. Bc2 Bxb4 13. b3 cxb3 14. Bxb3 Nxf4 15. Nxf4 a5 16. Bc2 O-O 17. Rc1 Nf6 18. Ne5 Ba6 19. Bd3 Ne4 20. Bxa6 Rxa6 21. Qd3 Rb6 22. Rc2 Bd6 23. Rfc1 Bxe5 24. dxe5 Rb4 25. f3 Ng5 26. h4 Nxf3+ 27. gxf3 Qxh4 28. Kg2 Rxa4 29. Rc8 Ra2+ 30. Ne2 g6 31. f4 Rxc8 32. Rxc8+ Kg7 33. Rc2 Ra1 34. Rc1 Rxc1 35. Nxc1 Qe1 36. Ne2 a4 37. Nd4 h5 38. Qa3 Qh4 39. Qxa4 Qg4+ 40. Kh2 h4 41. Qa7 Qg3+ 42. Kh1 Qh3+ 43. Kg1 Qxe3+ 44. Kg2 h3+ 45. Kf1 Qxf4+ 46. Kg1 Qg3+ 47. Kf1 Qxe5 48. Nf3 Qf4 49. Qf2 e5 50. Ke2 d4 0-1


[Site "https://www.chess.com"]

[Event "Titled Tuesday Blitz February 01 A 2022"]
[White "Makarian, Rudik"]
[Black "Yuan, Qingyu"]
[WhiteFideId "44105681"]
[BlackFideId "8609772"]
[WhiteElo "2486"]
[BlackElo "2359"]
[Result "1-0"]
[Round "05"]
[TimeControl "180+1"]
[Date "2022.02.01"]
[WhiteClock "0:00:37"]
[BlackClock "0:00:03"]

1. d4 d5 2. c4 e6 3. Nf3 Nf6 4. Nc3 a6 5. cxd5 exd5 6. Bf4 Bd6 7. e3 Bxf4 8. exf4 O-O 9. Ne5 Bf5 10. Bd3 Bxd3 11. Qxd3 Nbd7 12. O-O Re8 13. Rfe1 Qe7 14. Re3 Qd6 15. Rae1 Re6 16. g4 Rae8 17. Rh3 g6 18. Rhe3 c5 19. dxc5 Qxc5 20. Nxd7 Nxd7 21. Nxd5 Rxe3 22. Rxe3 Rxe3 23. Nxe3 Nf6 24. h3 Qc1+ 25. Kg2 Qxb2 26. f5 g5 27. Nd5 Kg7 28. Qe3 h6 29. Nc7 Qxa2 30. Qe7 Qb2 31. Ne6+ Kh7 32. Qxf7+ Kh8 33. Qg7# 1-0


[Site "https://www.chess.com"]

[Event "Titled Tuesday Blitz February 01 A 2022"]
[White "Martinez Alcantara, Jose Eduardo"]
[Black "Pranesh M"]
[WhiteFideId "3805662"]
[BlackFideId "35028600"]
[WhiteElo "2690"]
[BlackElo "1866"]
[Result "1-0"]
[Round "05"]
[TimeControl "180+1"]
[Date "2022.02.01"]
[WhiteClock "0:01:27"]
[BlackClock "0:00:05"]

1. e4 e5 2. Nf3 Nc6 3. Bb5 Nf6 4. d3 Bc5 5. O-O O-O 6. Bxc6 bxc6 7. Nxe5 d5 8. d4 Bb6 9. Nxc6 Qe8 10. exd5 Nxd5 11. Ne5 f6 12. Nf3 Bg4 13. c4 Nb4 14. c5 Ba5 15. a3 Nc6 16. b4 Rd8 17. Be3 Qg6 18. Nbd2 f5 19. Qb3+ Kh8 20. d5 Bh3 21. Bg5 h6 22. gxh3 Nd4 23. Nxd4 Qxg5+ 24. Qg3 Qxd2 25. Ne6 Rg8 26. Nxd8 Rxd8 27. Rad1 Qb2 28. bxa5 Qf6 29. d6 c6 30. Rfe1 f4 31. Qg4 f3 32. d7 Kh7 33. Re8 Rxd7 34. Qe4+ g6 35. Rxd7+ Qg7 36. Qxc6 h5 37. Qc7 Kh6 38. Qf4+ g5 39. Re6+ Qg6 40. Qf8# 1-0


[Site "https://www.chess.com"]

[Event "Titled Tuesday Blitz February 01 A 2022"]
[White "Martinovici, Ilia"]
[Black "Pranav, V"]
[WhiteFideId "13907034"]
[BlackFideId "25060783"]
[WhiteElo "2303"]
[BlackElo "2349"]
[Result "0-1"]
[Round "05"]
[TimeControl "180+1"]
[Date "2022.02.01"]
[WhiteClock "0:00:02"]
[BlackClock "0:00:18"]

1. d4 Nf6 2. c4 e6 3. Nc3 Bb4 4. Qc2 O-O 5. a3 Bxc3+ 6. Qxc3 d6 7. g3 Nbd7 8. Bg2 e5 9. Nf3 Re8 10. O-O a5 11. b3 Ne4 12. Qc2 exd4 13. Nxd4 Ndf6 14. Bb2 h5 15. f3 Nc5 16. e4 c6 17. b4 axb4 18. axb4 Rxa1 19. Bxa1 Na6 20. b5 cxb5 21. Nxb5 Be6 22. Rd1 Qe7 23. Nxd6 Rd8 24. e5 Ne8 25. Nxe8 Rxe8 26. f4 Rc8 27. Qe2 g6 28. Bd5 Bg4 29. Qd3 Kh7 30. Re1 Nb4 31. Qd4 Nc2 32. Qe4 Nxe1 33. Qxe1 b5 34. Qe4 0-1


[Site "https://www.chess.com"]

[Event "Titled Tuesday Blitz February 01 A 2022"]
[White "Muradli, Mahammad"]
[Black "Szpar, Milosz"]
[WhiteFideId "13409301"]
[BlackFideId "1184989"]
[WhiteElo "2645"]
[BlackElo "2447"]
[Result "0-1"]
[Round "05"]
[TimeControl "180+1"]
[Date "2022.02.01"]
[WhiteClock "0:00:09"]
[BlackClock "0:00:10"]

1. Nf3 d5 2. d4 Nf6 3. c4 c6 4. Nc3 dxc4 5. a4 Bf5 6. e3 e6 7. Bxc4 Nbd7 8. O-O Bb4 9. Qe2 Bg6 10. e4 O-O 11. Bd3 Re8 12. Bf4 Qa5 13. Rfc1 Rad8 14. h3 a6 15. Nd2 Qh5 16. f3 e5 17. dxe5 Nxe5 18. Bc2 Qh4 19. Be3 Nh5 20. Qf2 Qxf2+ 21. Kxf2 Nd3+ 22. Bxd3 Rxd3 23. Nb3 f5 24. Rd1 Rxd1 25. Rxd1 fxe4 26. f4 Bf7 27. Nd4 Nf6 28. Nc2 Bf8 29. Rc1 Rd8 30. Nd4 Bc5 31. Nce2 Bb4 32. f5 Nd5 33. Rc2 Be1+ 34. Kxe1 Nxe3 35. Rc3 Nxg2+ 36. Kf2 Nf4 37. Nxf4 Rxd4 38. a5 Ra4 39. Rc5 Rb4 40. Ke3 Rxb2 41. Kxe4 Rb4+ 42. Ke3 Rb5 43. Nd3 Kf8 44. Kd4 Rb3 45. Re5 Bd5 46. Nc5 Rb4+ 47. Kd3 Rb5 48. Kd4 Kf7 49. h4 Rxa5 50. Nxb7 Ra4+ 51. Kc5 Rxh4 52. Kd6 Kf6 53. Nc5 Rd4 54. Nd7+ Kg5 55. f6+ Kg6 56. fxg7 Kxg7 57. Rg5+ Kh6 58. Re5 Rd1 59. Ke7 Kg6 60. Nf8+ Kh6 61. Nd7 Rf1 62. Nf6 Kg6 63. Nd7 Rf7+ 64. Kd6 h5 65. Re1 Rf5 66. Ne5+ Kg5 67. Rg1+ Kf4 68. Rf1+ Ke4 69. Re1+ Kd4 70. Rd1+ Kc3 71. Rd3+ Kc2 72. Ra3 h4 73. Rh3 Rh5 74. Ng4 Kd2 75. Nh2 a5 76. Ng4 a4 77. Rh2+ Kc3 78. Nf6 Rh6 79. Ke5 Rxf6 80. Kxf6 a3 81. Rh3+ Kb2 82. Rh2+ Kb3 83. Rh3+ Kb4 84. Rxh4+ Bc4 85. Rh1 a2 86. Ke5 Bd3 87. Kd6 Bb1 88. Rh4+ Kb5 89. Rh5+ Kb6 90. Rh8 a1=Q 91. Rb8+ Ka7 92. Rb3 Qd4+ 93. Kc7 Bd3 94. Ra3+ Ba6 95. Rb3 Qe5+ 96. Kd7 Qd5+ 97. Kc7 Qxb3 98. Kd7 c5 99. Kc7 c4 100. Kd6 c3 101. Ke5 c2 102. Kd4 Bb5 103. Ke4 Kb6 104. Kf4 Kc6 105. Ke4 Qd3+ 106. Ke5 Qd5+ 0-1


[Site "https://www.chess.com"]

[Event "Titled Tuesday Blitz February 01 A 2022"]
[White "Nakamura, Hikaru"]
[Black "Jones, Gawain C B"]
[WhiteFideId "2016192"]
[BlackFideId "409561"]
[WhiteElo "2850"]
[BlackElo "2657"]
[Result "1-0"]
[Round "05"]
[TimeControl "180+1"]
[Date "2022.02.01"]
[WhiteClock "0:00:12"]
[BlackClock "0:00:02"]

1. Nf3 Nf6 2. b3 g6 3. Bb2 Bg7 4. d4 O-O 5. e3 d6 6. Be2 b6 7. c4 Bb7 8. O-O Nbd7 9. Nc3 e5 10. dxe5 Nxe5 11. Nxe5 dxe5 12. Qc2 Qe7 13. e4 c6 14. a4 Rfd8 15. a5 Nd7 16. a6 Bc8 17. b4 Nf8 18. b5 Ne6 19. bxc6 Nd4 20. Qd3 Nxc6 21. Nd5 Qg5 22. Rfd1 Bg4 23. Bxg4 Qxg4 24. f3 Qh4 25. Rac1 Bf8 26. Ba3 Bc5+ 27. Bxc5 bxc5 28. Rb1 Nd4 29. Rb7 Rd6 30. Rb2 Kg7 31. g3 Qd8 32. Ra1 Rb8 33. Rb7 Rxb7 34. axb7 Qb8 35. f4 Qxb7 36. fxe5 Ra6 37. Rb1 Qc8 38. Qe3 Qg4 39. Nf6 Qf3 40. Qxf3 Nxf3+ 41. Kg2 Nxe5 42. Ne8+ Kf8 43. Rb8 Ke7 44. Nc7 Ra2+ 45. Kh3 h5 46. Nd5+ Kd7 47. Rb7+ Kd6 48. g4 hxg4+ 49. Kg3 f5 50. exf5 gxf5 51. Kf4 Rf2+ 52. Kg5 Nxc4 53. Nf4 Ne3 54. Rxa7 c4 55. Ra6+ Kc5 56. Ra8 Rf3 57. Rc8+ Kb4 58. Ne6 Rf2 59. Nd4 Rxh2 60. Kf4 Nd5+ 61. Ke5 Ne3 62. Kf4 Nd5+ 63. Ke5 Nb6 64. Rb8 Kc5 65. Ne6+ Kc6 66. Nd4+ Kc7 67. Rg8 c3 68. Kxf5 Rd2 69. Nb5+ Kc6 70. Nxc3 Rd4 71. Rg6+ Kc5 72. Ne4+ Kd5 73. Rd6+ Kc4 74. Rxb6 g3 75. Rg6 Rd5+ 76. Kf4 Rd4 77. Rxg3 Rd3 78. Rg8 Rd4 79. Rc8+ Kd3 80. Rc3+ Ke2 81. Ra3 Rb4 82. Rh3 Ra4 83. Ke5 Ra5+ 84. Kd4 Ra4+ 85. Kd5 Ra5+ 86. Nc5 Kf2 87. Kd4 Kg2 88. Rb3 Ra8 89. Ne4 Rd8+ 90. Ke3 Re8 91. Rb7 Kf1 92. Rg7 Re6 93. Rg4 Re8 94. Rf4+ Kg2 95. Rf7 Kh3 96. Kf3 Kh4 97. Rh7# 1-0


[Site "https://www.chess.com"]

[Event "Titled Tuesday Blitz February 01 A 2022"]
[White "Narayanan.S.L"]
[Black "Bashirli, Nail"]
[WhiteFideId "5058422"]
[BlackFideId "13406809"]
[WhiteElo "2494"]
[BlackElo "2333"]
[Result "1/2-1/2"]
[Round "05"]
[TimeControl "180+1"]
[Date "2022.02.01"]
[WhiteClock "0:00:17"]
[BlackClock "0:00:12"]

1. Nf3 d5 2. c4 e6 3. d4 Nf6 4. Bg5 Be7 5. Nbd2 O-O 6. e3 Nbd7 7. Rc1 c6 8. Bd3 b6 9. O-O Bb7 10. cxd5 exd5 11. Qe2 Re8 12. Ba6 Qc8 13. Bxb7 Qxb7 14. Rc2 Rac8 15. Rfc1 c5 16. dxc5 bxc5 17. h3 c4 18. b3 Ba3 19. Rd1 cxb3 20. Rxc8 Rxc8 21. Bxf6 Nxf6 22. axb3 Ne4 23. Nxe4 dxe4 24. Ne5 Qxb3 25. Qg4 Re8 26. Nc6 f5 27. Qe2 Bc5 28. Rc1 Bb6 29. g3 Qd5 30. Qh5 g6 31. Qg5 Kg7 32. Nd4 h6 33. Qf4 Re7 34. Ne2 Qe5 35. h4 Qxf4 36. Nxf4 a5 37. Rc6 Rb7 38. Rxg6+ Kh7 39. h5 a4 40. Nd5 Bd8 41. Ra6 Rb5 42. Nc3 Ra5 43. Rxa5 Bxa5 44. Nxa4 Kg7 45. Nc5 Kf6 46. g4 Bb4 47. Na6 Bd6 48. gxf5 Kxf5 49. Kg2 Kg4 50. f3+ exf3+ 51. Kf2 Be7 52. Nc7 Bh4+ 53. Kf1 Kxh5 54. Ne6 Bg3 55. Nd4 Kg4 56. Nxf3 Kxf3 57. Kg1 h5 58. Kh1 h4 59. e4 Kxe4 60. Kg2 Kf4 61. Kh1 Kf3 62. Kg1 h3 63. Kh1 h2 1/2-1/2


[Site "https://www.chess.com"]

[Event "Titled Tuesday Blitz February 01 A 2022"]
[White "Nazari, Arad"]
[Black "Indjic, Aleksandar"]
[WhiteFideId "12577324"]
[BlackFideId "911925"]
[WhiteElo "2120"]
[BlackElo "2616"]
[Result "1-0"]
[Round "05"]
[TimeControl "180+1"]
[Date "2022.02.01"]
[WhiteClock "0:00:06"]
[BlackClock "0:00:07"]

1. e4 e5 2. Nf3 Nc6 3. Bb5 a6 4. Bxc6 dxc6 5. O-O Bd6 6. d4 exd4 7. Qxd4 f6 8. e5 fxe5 9. Nxe5 Ne7 10. Nc3 Be6 11. Re1 O-O 12. Bg5 Nf5 13. Qd2 Qe8 14. Rad1 h6 15. Bf4 Rd8 16. Qe2 c5 17. Nf3 Bc8 18. Qxe8 Rdxe8 19. Nd5 Rxe1+ 20. Rxe1 Bxf4 21. Nxf4 Rd8 22. g3 g5 23. Ne6 Bxe6 24. Rxe6 Kf7 25. Re5 Rd1+ 26. Kg2 Nd4 27. Rxc5 c6 28. Nxd4 Rxd4 29. Kf3 Rd1 30. Rc3 Rh1 31. Kg2 Rc1 32. b3 Kf6 33. a4 Ke5 34. Rc4 Kd5 35. Kf3 b5 36. axb5 cxb5 37. Rc8 a5 38. Ke2 a4 39. bxa4 bxa4 40. Kd2 Rf1 41. Ke2 Ra1 42. Ra8 g4 43. Kd2 a3 44. Kc3 Ke4 45. Ra4+ Kf5 46. Kb3 Rh1 47. Rf4+ Kg5 48. Kxa3 Rxh2 49. c4 Rh1 50. c5 h5 51. Rc4 h4 52. gxh4+ Kxh4 53. c6 Ra1+ 54. Kb2 Ra8 55. Rc3 Rf8 56. Rc2 Kh3 57. c7 Rc8 58. Kc1 Kg2 59. Kd1 Rxc7 60. Rxc7 Kxf2 61. Rf7+ Kg1 62. Rg7 g3 63. Rxg3+ Kh2 64. Rd3 1-0


[Site "https://www.chess.com"]

[Event "Titled Tuesday Blitz February 01 A 2022"]
[White "Nogerbek, Kazybek"]
[Black "Maksimovic, Bojan"]
[WhiteFideId "13710427"]
[BlackFideId "14408120"]
[WhiteElo "2478"]
[BlackElo "2450"]
[Result "0-1"]
[Round "05"]
[TimeControl "180+1"]
[Date "2022.02.01"]
[WhiteClock "0:00:02"]
[BlackClock "0:00:09"]

1. c4 Nf6 2. Nc3 d5 3. cxd5 Nxd5 4. e4 Nb4 5. Nf3 c5 6. Bc4 Nd3+ 7. Ke2 Nf4+ 8. Kf1 Ne6 9. d3 Nc6 10. Be3 g6 11. Bxe6 Bxe6 12. Bxc5 Bg7 13. Be3 O-O 14. h3 b5 15. Nxb5 Rb8 16. Nxa7 Nxa7 17. Bxa7 Rxb2 18. Be3 Kh8 19. g3 f5 20. Kg2 Bxa2 21. Qc1 fxe4 22. dxe4 Qd3 23. Nd2 Bd4 24. Qf1 Qxf1+ 25. Rhxf1 Bxe3 26. fxe3 Rxd2+ 27. Kg1 Rxf1+ 28. Rxf1 Kg7 29. h4 Bc4 30. Rc1 Bd3 31. Rc7 Kf7 32. Rd7 Rd1+ 33. Kf2 Bc2 34. Rc7 Bxe4 35. Rc4 Bd5 36. Rf4+ Ke6 37. Rb4 Rd2+ 38. Kf1 Ra2 39. Rd4 Ke5 40. Rb4 h5 41. Ke1 e6 42. g4 Rc2 43. gxh5 gxh5 44. Kf1 Rc4 45. Rb8 Rxh4 46. Rg8 Rh2 47. Kg1 Ra2 48. Rg5+ Ke4 49. Rxd5 exd5 0-1


[Site "https://www.chess.com"]

[Event "Titled Tuesday Blitz February 01 A 2022"]
[White "Paravyan, David"]
[Black "Shimanov, Aleksandr"]
[WhiteFideId "4194985"]
[BlackFideId "4198603"]
[WhiteElo "2569"]
[BlackElo "2636"]
[Result "1-0"]
[Round "05"]
[TimeControl "180+1"]
[Date "2022.02.01"]
[WhiteClock "0:01:13"]
[BlackClock "0:00:07"]

1. e4 d5 2. exd5 Qxd5 3. Nc3 Qe5+ 4. Be2 Bg4 5. d4 Bxe2 6. Ngxe2 Qa5 7. O-O Nf6 8. b4 Qh5 9. Qd3 e6 10. Nf4 Qf5 11. Qxf5 exf5 12. Ncd5 Nxd5 13. Nxd5 Kd7 14. Bf4 Bd6 15. Bxd6 Kxd6 16. Ne3 g6 17. Nc4+ Ke6 18. Rfe1+ Kf6 19. Ne5 Rd8 20. c3 a5 21. a3 Nd7 22. Nc4 axb4 23. axb4 Rxa1 24. Rxa1 b5 25. Ne3 f4 26. Nd5+ Kf5 27. Nxc7 Nb6 28. Nxb5 Nd5 29. Rb1 Ke4 30. c4 Nb6 31. c5 Nd5 32. c6 Kd3 33. c7 Rc8 34. Rc1 Kd2 35. Rc5 Ra8 36. h3 Ne3 37. fxe3 fxe3 38. c8=Q Ra1+ 39. Kh2 e2 40. Rc2+ Kd1 41. Rxe2 1-0


[Site "https://www.chess.com"]

[Event "Titled Tuesday Blitz February 01 A 2022"]
[White "Santos Ruiz, Miguel"]
[Black "Demchenko, Anton"]
[WhiteFideId "22291482"]
[BlackFideId "4160258"]
[WhiteElo "2486"]
[BlackElo "2539"]
[Result "1/2-1/2"]
[Round "05"]
[TimeControl "180+1"]
[Date "2022.02.01"]
[WhiteClock "0:00:14"]
[BlackClock "0:00:06"]

1. e4 e5 2. Nf3 Nc6 3. Bc4 Nf6 4. d3 h6 5. c3 d6 6. a4 g6 7. a5 a6 8. O-O Bg7 9. Re1 O-O 10. Nbd2 Re8 11. Nf1 d5 12. exd5 Nxd5 13. Qb3 Be6 14. Qxb7 Qd7 15. Qb3 g5 16. Ne3 Nf4 17. Rd1 Rad8 18. Qc2 Ne7 19. d4 Bxc4 20. Nxc4 Nxg2 21. Nfxe5 Qd5 22. f3 Nh4 23. Qe4 f6 24. Qxd5+ Rxd5 25. Nd3 Nxf3+ 26. Kf2 Nh4 27. Nb4 Rf5+ 28. Kg1 Nf3+ 29. Kg2 Nh4+ 30. Kg1 Nd5 31. Nxd5 Rxd5 32. Bd2 Re2 33. Rf1 g4 34. Rf2 Nf3+ 35. Kg2 Re4 36. Rxf3 gxf3+ 37. Kxf3 Re6 38. Ne3 Rh5 39. Kg2 Rg5+ 40. Kf3 Rh5 41. Kg2 f5 42. Rf1 Rf6 43. Nd5 Rg6+ 44. Kh1 Rh4 45. Ne7+ Kh7 46. Nxg6 Kxg6 47. Bf4 c6 48. Bg3 Re4 49. Re1 h5 50. Kg2 Bh6 51. Kf3 Rxe1 52. Bxe1 Kf6 53. Bg3 Ke6 54. Bf4 Bf8 55. c4 Bb4 56. Bc7 Bd2 57. b3 Bc3 58. Ke3 Be1 59. Kd3 Bb4 60. h3 Be1 61. Bb6 Bb4 62. Ke2 Bc3 63. Ke3 Bb4 64. Kf3 Bd2 65. Kg3 Be1+ 66. Kg2 Bd2 67. Kf3 Be1 68. Bc7 Bd2 69. Kg3 Be1+ 70. Kf4 Bd2+ 71. Kf3 Be1 72. Ke3 Bc3 73. Kd3 Bb4 74. Bd8 Be1 75. Bb6 Bb4 76. Bc7 Be1 77. Ke2 Bc3 78. Ke3 Be1 79. Bb6 Bc3 80. Kd3 Bb4 1/2-1/2


[Site "https://www.chess.com"]

[Event "Titled Tuesday Blitz February 01 A 2022"]
[White "Savchenko, Boris"]
[Black "Dronavalli, Harika"]
[WhiteFideId "4147332"]
[BlackFideId "5015197"]
[WhiteElo "2512"]
[BlackElo "2382"]
[Result "1-0"]
[Round "05"]
[TimeControl "180+1"]
[Date "2022.02.01"]
[WhiteClock "0:01:59"]
[BlackClock "0:01:43"]

1. e4 c5 2. Nf3 Nc6 3. d4 cxd4 4. Nxd4 Nf6 5. Nc3 e5 6. Ndb5 d6 7. Bg5 a6 8. Na3 b5 9. Nd5 Be7 10. Bxf6 Bxf6 11. c4 b4 12. Nc2 O-O 13. Be2 a5 14. O-O Bg5 15. Bg4 Be6 16. Nde3 Bxe3 17. Nxe3 Nd4 18. Rc1 g6 19. Bxe6 fxe6 20. c5 d5 21. exd5 exd5 22. f4 exf4 23. Qxd4 fxe3 24. Rxf8+ Kxf8 25. Qh8+ Ke7 26. Qe5+ Kf8 27. Rf1+ Kg8 28. Qe6+ Kh8 29. Rf7 Qg5 30. h4 1-0


[Site "https://www.chess.com"]

[Event "Titled Tuesday Blitz February 01 A 2022"]
[White "Shirov, Alexei"]
[Black "Maevsky, Nikolay"]
[WhiteFideId "2209390"]
[BlackFideId "4198220"]
[WhiteElo "2645"]
[BlackElo "2104"]
[Result "1-0"]
[Round "05"]
[TimeControl "180+1"]
[Date "2022.02.01"]
[WhiteClock "0:00:38"]
[BlackClock "0:00:01"]

1. e4 c6 2. d3 d5 3. Nf3 g6 4. e5 c5 5. h4 Bg7 6. h5 Nc6 7. Bf4 Bg4 8. hxg6 hxg6 9. Rxh8 Bxh8 10. Qe2 Nd4 11. Qd1 Bxf3 12. gxf3 Qc7 13. c3 Ne6 14. Qa4+ Kf8 15. Be3 Bxe5 16. d4 Bd6 17. Nd2 cxd4 18. Bxd4 Nxd4 19. Qxd4 Nf6 20. O-O-O Bf4 21. Kb1 a6 22. Nb3 Kg7 23. Bd3 Rh8 24. a4 Rh2 25. a5 Bd6 26. Bc2 Be5 27. Qe3 Bf4 28. Qb6 Qxb6 29. axb6 Nd7 30. Rxd5 Nxb6 31. Rd4 e5 32. Rb4 Nd7 33. Rxb7 Nf6 34. Nc5 Kg8 35. Bb3 Rxf2 36. Rxf7 Nh5 37. Rxf4+ Kg7 38. Rf7+ Kh6 39. Ne4 Nf4 40. Ra7 Rxf3 41. Rxa6 Re3 42. Bc2 Re2 43. b4 Kh5 44. b5 Kh4 45. b6 Re1+ 46. Kb2 Nd5 47. b7 Nc7 48. Rc6 Na6 49. Rxa6 1-0


[Site "https://www.chess.com"]

[Event "Titled Tuesday Blitz February 01 A 2022"]
[White "Shyaamnikhil P"]
[Black "Zhigalko, Sergei"]
[WhiteFideId "5024218"]
[BlackFideId "13502956"]
[WhiteElo "2292"]
[BlackElo "2662"]
[Result "1/2-1/2"]
[Round "05"]
[TimeControl "180+1"]
[Date "2022.02.01"]
[WhiteClock "0:00:11"]
[BlackClock "0:00:02"]

1. d4 Nf6 2. Nf3 e6 3. e3 b6 4. Bd3 Bb7 5. O-O d5 6. c4 Bd6 7. Nc3 O-O 8. Re1 Ne4 9. Bc2 Nd7 10. Nxe4 dxe4 11. Nd2 f5 12. f4 exf3 13. Nxf3 Nf6 14. a3 a5 15. d5 exd5 16. Bxf5 dxc4 17. e4 Bc5+ 18. Be3 Qe7 19. Bxc5 Qxc5+ 20. Qd4 Qxd4+ 21. Nxd4 Rae8 22. e5 Nd5 23. Be4 g6 24. Bf3 Re7 25. Rad1 Rfe8 26. e6 c6 27. Bxd5 cxd5 28. Re5 Kg7 29. Rf1 Bc8 30. Rfe1 Bb7 31. Rf1 Rd8 32. g4 h6 33. h4 Rd6 34. g5 hxg5 35. hxg5 Bc8 36. Rf6 b5 37. Kf2 b4 38. axb4 axb4 39. Ke3 Ba6 40. Kd2 Bb7 41. Re1 Bc8 42. Re5 Bb7 43. Re3 Bc8 44. Re5 Bb7 1/2-1/2


[Site "https://www.chess.com"]

[Event "Titled Tuesday Blitz February 01 A 2022"]
[White "Stoleriu, George"]
[Black "Onyshchuk, Volodymyr"]
[WhiteFideId "1227505"]
[BlackFideId "14114038"]
[WhiteElo "2203"]
[BlackElo "2642"]
[Result "0-1"]
[Round "05"]
[TimeControl "180+1"]
[Date "2022.02.01"]
[WhiteClock "0:01:10"]
[BlackClock "0:01:10"]

1. e4 g6 2. d4 Bg7 3. Nc3 d6 4. Be3 a6 5. Qd2 b5 6. Bd3 Bb7 7. Nce2 Nf6 8. f3 Nbd7 9. c3 c5 10. h4 h6 11. Nh3 e5 12. d5 c4 13. Bc2 Nc5 14. Nf2 Nfd7 15. Ng4 h5 16. Nf2 a5 17. b4 axb4 18. cxb4 Na4 19. g3 Ndb6 20. O-O O-O 21. Kg2 f5 22. exf5 gxf5 23. Bg5 Qd7 24. Bh6 Nxd5 25. Rad1 Bxh6 26. Qxh6 Rf6 27. Qxh5 Ne3+ 28. Kh2 Nxc2 29. g4 Qh7 30. Qg5+ Rg6 31. Qxf5 Ne3 32. Qb1 Qxh4+ 33. Kg1 Rh6 0-1


[Site "https://www.chess.com"]

[Event "Titled Tuesday Blitz February 01 A 2022"]
[White "Tari, Aryan"]
[Black "Terry, Renato"]
[WhiteFideId "1510045"]
[BlackFideId "3803457"]
[WhiteElo "2567"]
[BlackElo "2577"]
[Result "0-1"]
[Round "05"]
[TimeControl "180+1"]
[Date "2022.02.01"]
[WhiteClock "0:00:03"]
[BlackClock "0:00:10"]

1. Nf3 Nf6 2. b3 d5 3. Bb2 Bg4 4. d3 Nbd7 5. Nbd2 c6 6. h3 Bh5 7. e4 e6 8. e5 Ng8 9. d4 Ne7 10. Bd3 c5 11. dxc5 Nc6 12. Be2 Bxc5 13. O-O O-O 14. a3 Bb6 15. Re1 Nc5 16. Bf1 Bg6 17. Nd4 Nxd4 18. Bxd4 Rc8 19. c3 Nd7 20. b4 Bxd4 21. cxd4 Rc3 22. Re3 Qc7 23. Qf3 Rc8 24. Nb3 Rc2 25. Nc5 b6 26. Na6 Qd8 27. b5 Nb8 28. Nb4 R2c7 29. Bd3 Qh4 30. Bxg6 fxg6 31. Rd3 Rf8 32. Qe2 Rc4 33. Qd2 Qe7 34. g3 Qd7 35. a4 Rfc8 36. Kg2 Qe7 37. Rb1 Qf8 38. Rf3 Qe7 39. Rd3 Qc7 40. Rdb3 Qd7 41. Qe3 Qf7 42. Nd3 Qf5 43. Nf4 g5 44. Nd3 h6 45. g4 Qe4+ 46. Qxe4 dxe4 47. Nb4 Rxd4 48. Re1 Rcc4 49. Na2 Rxa4 50. Nc3 Rac4 51. Ne2 Rd3 52. Ng3 Rxb3 53. Rd1 Rd3 54. Ra1 Rd7 55. Re1 Rdd4 56. Ra1 Nd7 57. Rxa7 Nxe5 58. Nh5 Rd7 59. Ra8+ Kf7 60. Rb8 Ng6 61. Ng3 Nf4+ 62. Kh2 Rc2 63. Nxe4 Rd4 64. Rb7+ Kg6 0-1


[Site "https://www.chess.com"]

[Event "Titled Tuesday Blitz February 01 A 2022"]
[White "Vokhidov, Shamsiddin"]
[Black "Le, Tuan Minh"]
[WhiteFideId "14204223"]
[BlackFideId "12401153"]
[WhiteElo "2611"]
[BlackElo "2450"]
[Result "0-1"]
[Round "05"]
[TimeControl "180+1"]
[Date "2022.02.01"]
[WhiteClock "0:00:01"]
[BlackClock "0:00:04"]

1. e4 c5 2. Nf3 Nf6 3. e5 Nd5 4. Nc3 e6 5. Ne4 f5 6. Nc3 Ne7 7. h4 Nbc6 8. Nb5 Ng6 9. Nd6+ Bxd6 10. exd6 Qf6 11. d4 Nxd4 12. Nxd4 cxd4 13. h5 Ne5 14. Bf4 Nf7 15. Bc4 b5 16. Bb3 O-O 17. Qe2 a5 18. Qxb5 a4 19. Bxa4 e5 20. Bd2 Re8 21. O-O-O Kh8 22. h6 g6 23. f4 Nxd6 24. fxe5 Rxe5 25. Qb4 Rea5 26. Bb3 Rb5 27. Qxb5 Nxb5 28. Bd5 Bb7 29. Bxb7 Rxa2 30. Kb1 Ra7 31. Rhe1 Kg8 32. Bd5+ Kf8 33. Bb4+ d6 34. Re6 Qg5 35. Rde1 Qxh6 36. Re8+ Kg7 37. Rg8+ Kf6 38. Re6+ Kg5 39. Bd2+ f4 40. g3 Qh2 41. Bxf4+ Kg4 42. Re1 Rc7 43. Be6+ Kf3 44. Bd5+ Kf2 45. Rge8 d3 46. cxd3 Nd4 47. R8e4 Qh5 48. g4 Qf5 0-1


[Site "https://www.chess.com"]